 Dungeon Crawl Stone Soup version 0.31-a0-978-g1e143483b6 (webtiles) character file.

Game seed: 13903157105604248789

184 sammy202020 the Ruffian (level 5, -2/39 HPs)
             Began as a Demonspawn Shapeshifter on Oct 30, 2023.
             Slain by a gnoll
             ... wielding a +0 halberd
              (10 damage)
             ... on level 4 of the Dungeon.
             The game lasted 00:04:49 (3491 turns).

sammy202020 the Ruffian (Demonspawn Shapeshifter)   Turns: 3491, Time: 00:04:50

Health: -2/39      AC: 10    Str: 16    XL:     5   Next: 36%
Magic:  5/5        EV:  8    Int: 12    God:
Gold:   1002       SH:  4    Dex: 12    Spells: 4/4 levels left

rFire   . .          .
                       - Unarmed
rCold   . . .        (no shield)
rNeg    . . .        v - +0 chain mail
rPois   +            (helmet currently unavailable)
rElec   .            (cloak currently unavailable)
rCorr   .            (gloves currently unavailable)
SInv    .            (boots currently unavailable)
Will    +....        t - amulet of magic regeneration Stlth
                     g - ring of poison resistance
HPRegen 0.26/turn    q - ring of willpower
MPRegen 0.49/turn

%: no passive effects
@: beast-form
A: beast (slay +1), antennae 1, yellow scales 1, condensation shield
a: Begin Untransformation


You were on level 4 of the Dungeon.
You were a hulking beast.
You visited 1 branch of the dungeon, and saw 4 of its levels.

You collected 1002 gold pieces.

Inventory:

Armour
 a - a +0 animal skin
 i - a +2 cloak
 n - the +1 robe of Duck's Teeth {Stlth+}
   (You found it on level 4 of the Dungeon)

   Stlth+:    It makes you more stealthy.
 v - a +0 chain mail (worn)
Jewellery
 g - a ring of poison resistance (left hand)
 q - a ring of willpower (right hand)
 t - an amulet of magic regeneration (around neck)
Talismans
 c - a beast talisman (active)
 d - a flux talisman
Scrolls
 e - a scroll of blinking
 m - 2 scrolls of vulnerability
 o - a scroll of revelation
 s - a scroll of identify
 u - a scroll of teleportation {unknown}
Potions
 b - a potion of lignification
 f - 2 potions of brilliance
 h - a potion of curing {unknown}
 j - a potion of might {unknown}
 k - a potion of degeneration {unknown}
 l - a potion of enlightenment {unknown}
 r - 2 potions of resistance {unknown}


   Skills:
 * Level 2.6 Fighting
 * Level 2.0 Armour
 * Level 2.8 Dodging
 * Level 3.5 Unarmed Combat
 + Level 3.0 Shapeshifting


You had 4 spell levels left.
You didn't know any spells.
Your spell library contained the following spells:

 Spells                   Type           Power      Damage    Failure   Level
 Foxfire                  Conj/Fire      0%         2x1d4     99%         1
 Freeze                   Ice            0%         1d3       99%         1
 Summon Small Mammal      Summ           0%         N/A       99%         1
 Call Canine Familiar     Summ           0%         N/A       100%        3
 Hailstorm                Conj/Ice       0%         3d3       100%        3
 Summon Guardian Golem    Hex/Summ       0%         N/A       100%        3
 Brom's Barrelling Bould  Conj/Erth      0%         2d3       100%        4
 Metabolic Englaciation   Hex/Ice        0%         N/A       100%        5
 Plasma Beam              Fire/Air       0%         2x1d10    100%        6
 Starburst                Conj/Fire      0%         6d3       100%        6


Dungeon Overview and Level Annotations

Branches:
Dungeon (4/15)
 Temple: D:4-7

Altars:
Okawaru
Uskayaw
Wu Jian

Shops:
D:1 !


Innate Abilities, Weirdness & Mutations

You are a hulking beast.
Your limbs bulge with bestial killing power. (Slay +1)
You have a pair of small antennae on your head.
You are partially covered in yellow scales. (AC +2)
A meltable shield of frost defends you. (SH +4)


Message History

You are too injured to fight recklessly!
You are too injured to fight recklessly!
You are too injured to fight recklessly!
You are too injured to fight recklessly!
You are too injured to fight recklessly!
Unknown command.
You barely miss the hound.
The hound is heavily wounded.
The hound bites you but does no damage. The gnoll closely misses you.
You punch the hound!
You kill the hound!
The gnoll hits you from afar with a +0 halberd.
Your Armour skill increases to level 2!
Okay, then.
You hit the hound.
The hound is lightly wounded.
The hound bites you but does no damage.
You hit the hound.
The hound is moderately wounded.
You block the hound's attack. The gnoll hits you but does no damage.
The hound bites you but does no damage.
You hit the hound.
The hound is heavily wounded.
The gnoll hits you from afar with a +0 halberd.
* * * LOW HITPOINT WARNING * * *
The hound bites you but does no damage.
You closely miss the hound.
The hound is heavily wounded.
The hound bites you.
* * * LOW HITPOINT WARNING * * *
The gnoll barely misses you. The hound bites you but does no damage.
You hit the hound but do no damage.
The hound is heavily wounded.
The gnoll hits you from afar with a +0 halberd.
* * * LOW HITPOINT WARNING * * *
The hound closely misses you. The hound attacks as it pursues you!
You block the hound's attack. The hound closely misses you.
The gnoll hits you from afar with a +0 halberd!
You die...

.#####...##)..##....#.###...###
##
###.#..##..##.##...##..#..<## #
#...##..##..#######...[.##..#
#.#####..#.## +...##..#..##.#
#.# ##.#.## #...#..###....# #.#
#.#..# +...#### ######
####.#### #.#..###g####
#......<# #.#.#..P.P..#
#.......# #.....hh....#
#.......# #.##.......##
#.......# ####.........#
#.......# #......#..# #########
#......##... #......# #...
######## #..


You could see a hound and a gnoll.

Vanquished Creatures
  A hound (D:4)
  8 adders (D:2)
  A worm (D:2)
  3 dart slugs
  10 endoplasms
  4 goblins
  6 hobgoblins
  12 jackals
  A quokka (D:1)
  4 ball pythons
  4 bats
  7 frilled lizards
  6 kobolds
  7 rats
74 creatures vanquished.

Notes
Turn   | Place    | Note
-------+----------+-------------------------------------------
     0 | D:1      | sammy202020 the Demonspawn Shapeshifter began the quest for
                  | the Orb.
     0 | D:1      | Reached XP level 1. HP: 15/15 MP: 1/1
   167 | D:1      | Gained mutation: You have a pair of small antennae on your
                  | head. [demonic ancestry]
   167 | D:1      | Reached XP level 2. HP: 21/21 MP: 2/2
   299 | D:1      | Found Haex's Distillery.
   791 | D:2      | Gained mutation: You are partially covered in yellow
                  | scales. (AC +2) [demonic ancestry]
   791 | D:2      | Reached XP level 3. HP: 10/26 MP: 3/3
  1087 | D:2      | Reached skill level 1 in Armour
  1216 | D:2      | Gained mutation: A meltable shield of frost defends you.
                  | (SH +4) [demonic ancestry]
  1216 | D:2      | Reached XP level 4. HP: 33/33 MP: 4/4
  2063 | D:2      | Identified a scroll of acquirement
  2063 | D:2      | Acquired 762 gold pieces
  2314 | D:3      | Identified the "Tusu Cuy"
  2365 | D:3      | Found an iron altar of Okawaru.
  2707 | D:3      | Found an ornate altar of the Wu Jian Council.
  2711 | D:3      | Found a hide-covered altar of Uskayaw.
  2851 | D:3      | Found a faded altar of an unknown god.
  3012 | D:4      | Reached XP level 5. HP: 39/39 MP: 5/5
  3014 | D:4      | Identified the +1 robe of Duck's Teeth {Stlth+}
  3491 | D:4      | Slain by a gnoll

Illustrated notes

Levels and vault maps discovered:
D:1:      dpeg_arrival_houses_and_road, layout_loops_ring, serial_shops, shop
D:2:      layout_loops_ring, minmay_snake_closets
D:3:      layout_loops_cross, grunt_temple_overflow_diamond, okawaru_gym_becter,
          shapermc_ecumenical_altar_ellora
D:4:      layout_rooms, cheibrodos_gnoll_hut

Skill      XL: |  1  2  3  4  5 |
---------------+----------------+-----
Dodging        | 2 |  2.8
Unarmed Combat | 3 |  3.5
Armour         | 1 2 |  2.0
Fighting       | 2 |  2.6
Shapeshifting  | 3 |  3.0

Action                     |  1- 3 |  4- 6 || total
---------------------------+-------+-------++-------
  Melee: Unarmed           |    80 |   153 ||   233
         Punch             |     1 |     5 ||     6
    Use: Scroll            |     4 |     8 ||    12
   Stab: Sleeping          |     1 |       ||     1
 Armour: Animal skin       |    37 |    20 ||    57
         Ring mail         |       |    49 ||    49
         Chain mail        |       |    32 ||    32
  Dodge: Dodged            |    41 |    80 ||   121
  Block: Other             |       |    25 ||    25
   Form: Beast             |     1 |       ||     1

Table legend: (Time is in decaauts)
 A = Elapsed time spent in this place.
 B = Non-inter-level travel time spent in this place.
 C = Inter-level travel time spent in this place.
 D = Time resting spent in this place.
 E = Time spent auto-exploring this place.
 F = Levels seen in this place.
 G = Mean time per level.
                   A        B        C        D        E       F      G
               +--------+--------+--------+--------+--------+-----+--------+
         Total |   3475 |   3454 |     21 |    525 |   2317 |   4 |  868.8 |
       Dungeon |   3475 |   3454 |     21 |    525 |   2317 |   4 |  868.8 |
               +--------+--------+--------+--------+--------+-----+--------+

Top non-repeatable levels by time:
     D:2: 1566 daAuts
     D:1: 738 daAuts
     D:3: 678 daAuts
     D:4: 492 daAuts
